Map: Blueshift LE

Players

Odin - Winner!

  • Race: Protoss Protoss
  • League: Gold
  • Spawn Location: 1:00

keyser

  • Race: Terran Terran
  • League: Gold
  • Spawn Location: 7:00

VOD

Have the link to the VOD?

Description

Time

  • Played on: Dec. 11, 2018, 4:32 a.m.
  • Length: 2:17
Show
View Real Time Build Order
Export as new Build Order

Odin Protoss - Winner!

Build Orders: Cannon Rush 

Get SALT Encoding   

  12  0:01  Probe  
  13  0:14  Pylon  
  13  0:24  Probe  
  14  0:36  Probe  
  14  0:39  Forge  
  15  0:57  Pylon  
  15  1:04  Pylon  
  15  1:06  Pylon  
  15  1:10  Pylon  
  15  1:26  Photon Cannon  
  15  1:34  Photon Cannon  
  15  1:38  Photon Cannon  
  15  1:53  Photon Cannon  
  15  2:01  Photon Cannon  
  15  2:15  Photon Cannon  
Show
View Real Time Build Order
Export as new Build Order

keyser Terran 

Build Orders:  

Get SALT Encoding   

  12  0:01  SCV  
  13  0:16  Supply Depot  
  13  0:18  SCV  
  14  0:30  SCV  
  15  0:39  Barracks  
  15  0:43  Refinery  
  15  0:45  SCV  
  16  0:57  SCV  
  17  1:09  SCV  
  17  1:10  Supply Depot  
  18  1:34  Supply Depot  
  18  1:39  Marine, Bunker  
  19  1:48  Orbital Command  
  19  1:57  Marine  
Tags
 
League
GoldGold
Matchup
PvT
Spawn Locations
Cross Positions
Add a new tag
Caveats
  • Supply blocks, unpowered buildings, or Contaminate may cause inaccurate times.
  • Supply counts are checked every 10 seconds.